 Dungeon Crawl Stone Soup version 0.27-a0-396-g03f4e8edb7 (webtiles) character file.

Game seed: 1146378803627825212

114 EldarEldrad the Chopper (level 4, -3/39 HPs)
             Began as a Minotaur Berserker on Feb 21, 2021.
             Was a Believer of Trog.
             Succumbed to an orc wizard's poison
             ... on level 3 of the Dungeon.
             The game lasted 00:05:31 (2044 turns).

EldarEldrad the Chopper (Minotaur Berserker)        Turns: 2044, Time: 00:05:31

Health: -3/39      AC:  5    Str: 23    XL:     4   Next: 67%
Magic:  3/3        EV: 11    Int:  4    God:    Trog [**....]
Gold:   84         SH:  0    Dex:  9    Spells: 3/3 levels left

rFire    . . .     SeeInvis .   a - +0 hand axe
rCold    . . .     Faith    .   (no shield)
rNeg     . . .     Spirit   .   i - +0 ring mail
rPois    .         Reflect  .   (helmet restricted)
rElec    .         Harm     .   (no cloak)
rCorr    .         Rampage  .   (no gloves)
Will     .....                  (no boots)
Stlth    ..........             (no amulet)
HPRegen  0.13/turn              (no ring)
MPRegen  0.08/turn              (no ring)

@: lethally poisoned (-3 -> -58)
A: retaliatory headbutt, horns 2
a: Renounce Religion, Berserk, Trog's Hand


You were on level 3 of the Dungeon.
You worshipped Trog.
Trog was pleased with you.
You visited 1 branch of the dungeon, and saw 3 of its levels.

You collected 84 gold pieces.

Inventory:

Hand Weapons
 a - a +0 hand axe (weapon)
 b - a +1 flail of draining
Missiles
 h - 30 stones (quivered)
 m - 24 poisoned darts
Armour
 i - a +0 ring mail (worn)
Scrolls
 d - a scroll of teleportation {unknown}
 e - a scroll of fog {unknown}
 j - 2 scrolls of amnesia {unknown}
 l - 2 scrolls of identify {unknown}
Potions
 c - a potion of degeneration {unknown}
 f - a potion of magic {unknown}
 g - a potion of might {unknown}
 k - a potion of mutation {unknown}
 n - a potion of attraction {unknown}
 o - a potion of haste {unknown}


   Skills:
 - Level 3.6 Fighting
 + Level 6.6 Axes
 - Level 2.4 Armour
 - Level 2.1 Dodging


You had 3 spell levels left.
You didn't know any spells.
Your spell library was empty.

Dungeon Overview and Level Annotations

Branches:
Dungeon (3/15)

Altars:
Cheibriados
Nemelex Xobeh
Wu Jian


Innate Abilities, Weirdness & Mutations

You reflexively headbutt those who attack you in melee.
You have a pair of horns on your head.


Message History

You hear some strange, mumbled words.
A puff of flame appears from out of thin air!
The puff of flame hits you.
You miss something.
Your skin stops crawling.
You feel less strong-willed.
You feel sick. Something hits you but does no damage.
You are lethally poisoned!
You closely miss something.
You feel sick.
You hear some strange, mumbled words.
Something tries to affect you, but you resist.
A quokka comes into view.
You hit something.
You feel sick. Something hits you but does no damage.
You are more poisoned.
You miss something.
You feel sick. Something hits you but does no damage.
You are more poisoned.
You barely miss something.
You feel very sick. Something hits you but does no damage.
You miss something.
You feel very sick. Something hits you but does no damage.
You are more poisoned.
You miss something.
* * * LOW HITPOINT WARNING * * *
You feel very sick. Something hits you.
* * * LOW HITPOINT WARNING * * *
You are more poisoned.
You closely miss something. You headbutt something.
You closely miss the quokka.
* * * LOW HITPOINT WARNING * * *
You feel very sick. Something hits you but does no damage.
You are more poisoned.
The quokka bites you.
* * * LOW HITPOINT WARNING * * *
You hit something. You hit the quokka.
You kill the quokka!
Trog accepts your kill.
You die...

##########
......)<.#
......{@.#
...=..))†#
...$.......
....(....###
.........#
.........#
########.#
#.#


There were no monsters in sight!

Vanquished Creatures
  An orc priest (D:3)
  An adder (D:2)
  A gnoll (D:1)
  3 oozes (D:1)
  2 dart slugs
  3 orcs (D:3)
  4 bats
  5 giant cockroaches
  2 goblins (D:1)
  4 hobgoblins
  4 jackals (D:1)
  4 kobolds
  A quokka (D:3)
  2 ball pythons
  5 frilled lizards
  6 rats
48 creatures vanquished.

Notes
Turn   | Place    | Note
-------+----------+-------------------------------------------
     0 | D:1      | EldarEldrad the Minotaur Berserker began the quest for the
                  | Orb.
     0 | D:1      | Reached XP level 1. HP: 19/19 MP: 0/0
     9 | D:1      | Reached skill level 4 in Axes
   303 | D:1      | Reached XP level 2. HP: 26/26 MP: 1/1
   488 | D:1      | Reached skill level 5 in Axes
   527 | D:1      | Reached XP level 3. HP: 31/31 MP: 2/2
  1052 | D:2      | Reached ** piety under Trog
  1681 | D:2      | Found an ornate altar of the Wu Jian Council.
  1733 | D:2      | Reached skill level 6 in Axes
  1733 | D:2      | Reached XP level 4. HP: 39/39 MP: 3/3
  1898 | D:2      | Found a snail-covered altar of Cheibriados.
  1898 | D:2      | Found a sparkling altar of Nemelex Xobeh.
  2043 | D:3      | HP: 1/39 [quokka (1)]
  2044 | D:3      | Succumbed to an orc wizard's poison

Illustrated notes

Levels and vault maps discovered:
D:1:      onia_arrival_handbag, layout_basic, corexii_leaking_fountain,
          minivault_4
D:2:      layout_basic, lemuel_coloured_pillars_altar,
          gammafunk_temple_overflow_wave, minmay_worlds_worst_comb
D:3:      layout_rooms, chequers_ecumenical_altar_island, tgw_sif

Skill      XL: |  1  2  3 |
---------------+----------+-----
Axes           | 4 5 6 |  6.6
Fighting       | |  3.6
Armour         | |  2.4
Dodging        | |  2.1

Action                   |  1- 3 |  4- 6 || total
-------------------------+-------+-------++-------
Melee: Hand axe          |    82 |    24 ||   106
       Headbutt          |    13 |     4 ||    17
Throw: Stone             |     3 |     3 ||     6
Invok: Berserk           |     2 |       ||     2
       Trog's Hand       |       |     1 ||     1
Armor: Leather armour    |     5 |       ||     5
       Ring mail         |    15 |    12 ||    27
Dodge: Dodged            |    44 |    10 ||    54

Table legend: (Time is in decaauts)
 A = Elapsed time spent in this place.
 B = Non-inter-level travel time spent in this place.
 C = Inter-level travel time spent in this place.
 D = Time resting spent in this place.
 E = Time spent auto-exploring this place.
 F = Levels seen in this place.
 G = Mean time per level.
                   A        B        C        D        E       F      G
               +--------+--------+--------+--------+--------+-----+--------+
         Total |   2065 |   2020 |     45 |    278 |   1310 |   3 |  688.3 |
       Dungeon |   2065 |   2020 |     45 |    278 |   1310 |   3 |  688.3 |
               +--------+--------+--------+--------+--------+-----+--------+

Top non-repeatable levels by time:
     D:1: 1032 daAuts
     D:2: 1010 daAuts
     D:3: 23 daAuts
